 Dungeon Crawl Stone Soup version 0.30-a0-743-gbfdf073431 (webtiles) character file.

Game seed: 8249437786945136266

4 DEFE the Vexing (level 1, 0/17 HPs)
             Began as a Demonspawn Wanderer on Feb 7, 2023.
             Frozen to death by an endoplasm (5 damage)
             ... on level 1 of the Dungeon.
             The game lasted 00:00:12 (64 turns).

DEFE the Vexing (Demonspawn Wanderer)                 Turns: 64, Time: 00:00:13

Health: 0/17       AC:  2    Str: 12    XL:     1   Next: 50%
Magic:  3/3        EV: 11    Int: 13    God:
Gold:   0          SH:  0    Dex: 12    Spells: 3/4 levels left

rFire   . . .      SeeInvis .    a - +0 club
rCold   . . .      Faith    .    (no shield)
rNeg    . . .      Spirit   .    d - +0 robe
rPois   .          Reflect  .    (no helmet)
rElec   .          Harm     .    (no cloak)
rCorr   .          Rampage  .    (no gloves)
Will    .....                    (no boots)
Stlth   +                        (no amulet)
HPRegen 0.22/turn                (no ring)
MPRegen 0.08/turn                (no ring)

@: no status effects
A: no striking features
a: no special abilities


You were on level 1 of the Dungeon.
You visited 1 branch of the dungeon, and saw 1 of its levels.

Inventory:

Hand Weapons
 a - a +0 club (weapon)
Armour
 d - a +0 robe (worn)
Scrolls
 c - a scroll of blinking
 e - a scroll of fog
Miscellaneous
 b - a piece from Xom's chessboard (15/15)


   Skills:
 + Level 2.3 Fighting
 - Level 1.0 Armour
 - Level 2.0 Spellcasting
 - Level 4.0 Hexes
 - Level 1.0 Evocations


You had 3 spell levels left.
You knew the following spells:

 Your Spells              Type           Power      Damage    Failure   Level
a - Slow                  Hex            44%        N/A       4%          1

Your spell library contained the following spells:

 Spells                   Type           Power      Damage    Failure   Level
 Tukima's Dance           Hex            11%        N/A       14%         3
 Summon Guardian Golem    Hex/Summ       6%         N/A       32%         3


Dungeon Overview and Level Annotations

Branches:
Dungeon (1/15)

Altars:


Message History

No target in view!
No target in view!
No target in view!
A kobold comes into view. It is wielding a +0 club.
You see here 12 gold pieces.
A kobold is nearby!
A kobold is nearby!
A giant cockroach comes into view.
Found a robe.
Found a stone staircase leading down.
The kobold throws a stone.
The stone hits you but does no damage.
Found a robe.
The kobold throws a stone.
The stone hits you but does no damage.
You see here a +0 short sword.
An endoplasm comes into view.
The endoplasm quivers.
The kobold misses you.
You miss the kobold. The kobold hits you with a +0 club.
You take 2 damage, and have 14/16 hp.
You hit the kobold but do no damage. The kobold hits you with a +0 club.
The kobold misses you.
You take 3 damage, and have 11/16 hp.
You hit the kobold. The kobold hits you but does no damage.
You hit the kobold.
You kill the kobold!
You hit the endoplasm. The endoplasm freezes you.
You are frozen.
You take 3 damage, and have 10/17 hp.
You hit the endoplasm but do no damage. The endoplasm freezes you.
You are frozen.
The endoplasm freezes you.
You are frozen.
* * * LOW HITPOINT WARNING * * *
You are too injured to fight recklessly!
You take 6 damage, and have 4/17 hp.
MASSIVE DAMAGE!!
You hit the endoplasm but do no damage. The endoplasm freezes you.
You are frozen.
You die...

..............##
###............#
#..........#..#
#.#..$#...###..# ..
###.#.#.# #..# ..
#.....##......
..>[...##).......$..
...... #....#......
...... #.@...#
.........)J......
B..............[.
......######.....
.... ..... ... ....
.. .... ...


You could see an endoplasm.

Vanquished Creatures
  A goblin (D:1)
  A kobold (D:1)
  A ball python (D:1)
  A bat (D:1)
4 creatures vanquished.

Notes
Turn   | Place    | Note
-------+----------+-------------------------------------------
     0 | D:1      | DEFE the Demonspawn Wanderer began the quest for the Orb.
     0 | D:1      | DEFE set off with the following items: a +0 club, a piece
                  | from Xom's chessboard (15/15), a scroll of blinking, a +0
                  | robe, a scroll of fog; and the following spell memorised:
                  | Slow; and the following spells available to memorise:
                  | Tukima's Dance, Summon Guardian Golem.
     0 | D:1      | Reached XP level 1. HP: 16/16 MP: 3/3
    64 | D:1      | Frozen to death by an endoplasm

Illustrated notes

Levels and vault maps discovered:
D:1:      minmay_arrival_jagged, layout_rooms, serial_forest,
          infiniplex_forest_diagonal, infiniplex_forest_lined_1,
          infiniplex_forest_clump_small, infiniplex_forest_clump_curved,
          infiniplex_forest_clump_curved, infiniplex_forest_straight_4

Action                     || total
---------------------------++-------
  Melee: Club              ||    15
 Armour: Robe              ||     7
  Dodge: Dodged            ||    11

Table legend: (Time is in decaauts)
 A = Elapsed time spent in this place.
 B = Non-inter-level travel time spent in this place.
 C = Inter-level travel time spent in this place.
 D = Time resting spent in this place.
 E = Time spent auto-exploring this place.
 F = Levels seen in this place.
 G = Mean time per level.
                   A        B        C        D        E       F      G
               +--------+--------+--------+--------+--------+-----+--------+
         Total |     68 |     68 |      0 |      0 |     28 |   1 |   68.0 |
       Dungeon |     68 |     68 |      0 |      0 |     28 |   1 |   68.0 |
               +--------+--------+--------+--------+--------+-----+--------+

Top non-repeatable levels by time:
     D:1: 68 daAuts
